 Dungeon Sprint DCSS version 0.32-a0-918-g0f22ef8d61 (webtiles) character file.

Game seed: 10949474227152776407

35 Griffin23 the Slasher (level 3, 0/37 HPs)
             Began as a Minotaur Berserker on Apr 11, 2024.
             Was a Believer of Trog.
             Slain by a water elemental (19 damage)
             ... in the Dungeon (Sprint III: "The Ten Rune Challenge").
             The game lasted 00:01:54 (116 turns).

Griffin23 the Slasher (Minotaur Berserker)           Turns: 116, Time: 00:01:54

Health: 0/37       AC:  2    Str: 27    XL:     3   Next: 17%
Magic:  2/2        EV: 11    Int:  3    God:    Trog [**....]
Gold:   19         SH:  0    Dex: 10    Spells: 2/2 levels left

rFire   . . .        a - +0 falchion
rCold   . . .        (no shield)
rNeg    . . .        b - +0 animal skin
rPois   .            (helmet restricted)
rElec   .            (no cloak)
rCorr   .            (no gloves)
SInv    .            (no boots)
Will    .....        (no amulet)
Stlth   ++           (no ring)
HPRegen 0.26/turn    (no ring)
MPRegen 0.08/turn

%: no teleportation
@: engulfed (cannot breathe)
A: horns 2, retaliatory headbutt, thin skeletal structure 1, strong 1, inability
to drink after injury 1
a: Renounce Religion, Berserk, Trog's Hand


You were in the Dungeon.
You worshipped Trog.
Trog was pleased with you.
You visited 1 branch You collected 19 gold pieces.

Inventory:

Hand Weapons
 a - a +0 falchion (weapon)
Armour
 b - a +0 animal skin (worn)
Scrolls
 h - a scroll of blinking
 i - 4 scrolls of identify
 k - 2 scrolls of immolation {unknown}
 m - a scroll of torment {unknown}
Potions
 c - a potion of curing
 e - a potion of haste
 f - 2 potions of magic
 g - a potion of berserk rage
 j - 3 potions of mutation
 l - 3 potions of enlightenment


   Skills:
 + Level 5.9 Fighting
 + Level 6.1 Long Blades
 + Level 3.3 Armour
 + Level 3.1 Dodging


You had 2 spell levels left.
You didn't know any spells.
Your spell library was empty.

Dungeon Overview and Level Annotations

Branches:
Dungeon (1/1)

Altars:


Innate Abilities, Weirdness & Mutations

You have a pair of horns on your head.
You reflexively headbutt those who attack you in melee.
You have a somewhat thin skeletal structure. (Dex +2, Stealth+)
Your muscles are strong. (Str +4, Int/Dex -1)
You occasionally lose the ability to drink potions when taking damage.


Message History

Okay, then.
You feel extremely strange.
Your regeneration stops near monsters.
You feel stronger.
You feel extremely strange.
You begin to regenerate regardless of the presence of monsters.
You feel weaker.
You feel stronger.
Your bones become slightly less dense.
You occasionally lose the ability to drink potions when taking damage.
Okay, then.
You open the door.
A water elemental comes into view.
You're still recovering from your berserk rage.
There is an open door to the Ecumenical Temple here.
The helpless water elemental fails to defend itself.
You hit the water elemental. You headbutt the water elemental!
The water elemental is heavily damaged.
The water elemental barely misses you.
You hit the water elemental.
The water elemental is heavily damaged.
The water elemental hits you!
The water elemental engulfs you in water!
You hit the water elemental but do no damage.
The water elemental is heavily damaged.
Your lungs strain for air!
The water elemental misses you.
You hit the water elemental but do no damage.
You headbutt the water elemental.
The water elemental is severely damaged.
You recover from your berserk rage.
Your lungs strain for air!
The water elemental hits you!
* * * LOW HITPOINT WARNING * * *
You feel much better.
Your lungs strain for air!
The water elemental barely misses you.
You hit the water elemental.
The water elemental is almost destroyed.
Your lungs strain for air!
The water elemental hits you!!
Ouch! That really hurt!
You die...

▓▓▓▓▓▓ ▓▓▓ .#...####
##.# .#......#####..#
##....†..#..#..#
.##.##...#..#..###+#+###
.##.###..##'#..#........
####.##..###...'@E......
##..##..####...#...#####
....##..###....#.⌠.#
#..##...##†....#...#
†.##....#......#+###
.###..##.#.....# .# #..
####....# ▓▓ ▓▓▓ ▓▓▓▓▓▓


You could see a water elemental.

Vanquished Creatures
  A human (D)
  A wolf (D)
  An endoplasm (D)
  3 rats (D)
6 creatures vanquished.

Notes
Turn   | Place    | Note
-------+----------+-------------------------------------------
     0 | D        | Griffin23 the Minotaur Berserker began the quest for the
                  | Orb.
     0 | D        | Reached XP level 1. HP: 19/19 MP: 0/0
    10 | D        | Reached skill level 4 in Long Blades
    28 | D        | Reached ** piety under Trog
    53 | D        | Noticed a wolf
    56 | D        | Killed a wolf
    57 | D        | Reached skill level 5 in Fighting
    57 | D        | Reached skill level 5 in Long Blades
    57 | D        | Reached XP level 2. HP: 29/29 MP: 1/1
    62 | D        | Reached skill level 6 in Long Blades
    62 | D        | Reached XP level 3. HP: 37/37 MP: 2/2
   104 | D        | Gained mutation: You do not regenerate when monsters are
                  | visible. [potion of mutation]
   104 | D        | Gained mutation: Your muscles are strong. (Str +4, Int/Dex
                  | -1) [potion of mutation]
   105 | D        | Lost mutation: You do not regenerate when monsters are
                  | visible. [potion of mutation]
   105 | D        | Lost mutation: Your muscles are strong. (Str +4, Int/Dex
                  | -1) [potion of mutation]
   105 | D        | Gained mutation: Your muscles are strong. (Str +4, Int/Dex
                  | -1) [potion of mutation]
   105 | D        | Gained mutation: You have a somewhat thin skeletal
                  | structure. (Dex +2, Stealth+) [potion of mutation]
   105 | D        | Gained mutation: You occasionally lose the ability to drink
                  | potions when taking damage. [potion of mutation]
   108 | D        | Noticed a water elemental
   116 | D        | Slain by a water elemental

Illustrated notes

Levels and vault maps discovered:
D:        dungeon_sprint_mu [sprint_mu_entry_cave, sprint_mu_temple_rooms,
          sprint_mu_d1_spiders, sprint_mu_d2_genie, sprint_mu_d3_branching,
          sprint_mu_orc_legion, sprint_mu_elf_gauntlet, sprint_mu_hive_nellie,
          sprint_mu_lair_fedhas, sprint_mu_vaults_butterflies,
          sprint_mu_slime_circle, sprint_mu_swamp_cave, sprint_mu_shoals_archi,
          sprint_mu_blade_basic, sprint_mu_crypt_lich, sprint_mu_tomb_spiral,
          sprint_mu_vestibule_basic, sprint_mu_gehenna_hellfire,
          sprint_mu_dis_giant, sprint_mu_tartarus_statrot,
          sprint_mu_cocytus_islands, sprint_mu_zot1]

Skill      XL: |  1  2 |
---------------+-------+-----
Fighting       | 5 |  5.9
Long Blades    | 5 6 |  6.1
Armour         | 3 |  3.3
Dodging        | 3 |  3.1

Action                     || total
---------------------------++-------
  Melee: Falchion          ||    17
         Headbutt          ||     4
 Invoke: Berserk           ||     1
    Use: Potion            ||     3
   Stab: Sleeping          ||     1
 Armour: Animal skin       ||     7
  Dodge: Dodged            ||     9

Table legend: (Time is in decaauts)
 A = Elapsed time spent in this place.
 B = Non-inter-level travel time spent in this place.
 C = Inter-level travel time spent in this place.
 D = Time resting spent in this place.
 E = Time spent auto-exploring this place.
 F = Levels seen in this place.
 G = Mean time per level.
                   A        B        C        D        E       F      G
               +--------+--------+--------+--------+--------+-----+--------+
         Total |    130 |    130 |      0 |     29 |     37 |   1 |  130.0 |
       Dungeon |    130 |    130 |      0 |     29 |     37 |   1 |  130.0 |
               +--------+--------+--------+--------+--------+-----+--------+

Top non-repeatable levels by time:
       D: 130 daAuts
